 Dungeon Crawl Stone Soup version 0.22-a0-422-g9628fc8 (webtiles) character file.

109 Kairos the Conjurer (level 4, -1/24 HPs)
             Began as a Deep Elf Conjurer on May 19, 2018.
             Killed from afar by a white imp (6 damage)
             ... with a puff of frost
             ... summoned by Natasha
             ... on level 2 of the Dungeon.
             The game lasted 00:03:28 (1358 turns).

Kairos the Conjurer (Deep Elf Conjurer)             Turns: 1358, Time: 00:03:29

Health: -1/24      AC:  2    Str:  5    XL:     4   Next: 60%
Magic:  3/12       EV: 13    Int: 21    God:
Gold:   96         SH:  0    Dex: 15    Spells: 8/11 levels left

rFire    . . .     SeeInvis .   b - +0 dagger
rCold    . . .     Gourm    .   (no shield)
rNeg     . . .     Faith    .   a - +0 robe
rPois    .         Spirit   .   (no helmet)
rElec    .         Reflect  .   (no cloak)
rCorr    .         Harm     .   (no gloves)
MR       .....                  (no boots)
Stlth    ++........             (no amulet)
HPRegen  0.08/turn              (no ring)
MPRegen  0.13/turn              (no ring)

@: no status effects
A: no striking features
a: no special abilities


You were on level 2 of the Dungeon.
You were not hungry.

You visited 1 branch of the dungeon, and saw 2 of its levels.

You collected 96 gold pieces.

Inventory:

Hand Weapons
 b - a +0 dagger (weapon)
Missiles
 d - 20 sling bullets
Armour
 a - a +0 robe (worn)
Scrolls
 e - 3 scrolls of identify {unknown}
 g - a scroll of amnesia {unknown}
 h - 2 scrolls of fear {unknown}
 i - a scroll of magic mapping {unknown}
Potions
 f - a potion of curing {unknown}
Comestibles
 c - 4 rations


   Skills:
 + Level 2.7 Dodging
 + Level 3.1 Stealth
 + Level 4.0 Spellcasting
 + Level 5.8 Conjurations


You had 8 spell levels left.
You knew the following spells:

 Your Spells              Type           Power        Failure   Level  Hunger
a - Magic Dart            Conj           ####         1%          1    None
b - Searing Ray           Conj           ####..       1%          2    #......

Your spell library contained the following spells:

 Spells                   Type           Power        Failure   Level  Hunger
 Iskenderun's Mystic Bla  Conj           ####....     11%         4    ####...
 Fulminant Prism          Conj/Hex       ###.......   34%         4    ####...
 Dazzling Spray           Conj/Hex       ###...       11%         3    ###....
 Force Lance              Conj/Tloc      ###.....     34%         4    ####...


Dungeon Overview and Level Annotations

Branches:
Dungeon (2/15)

Altars:

Annotations:
D:2 Natasha


Message History

The white imp hits you but does no damage.
You hit the hobgoblin but do no damage.
The hobgoblin is almost dead.
The hobgoblin completely misses you. The white imp hits you.
The white imp freezes you.
* * * LOW HITPOINT WARNING * * *
You hit the hobgoblin but do no damage.
The hobgoblin is almost dead.
The white imp barely misses you.
You hit the hobgoblin but do no damage.
The hobgoblin is almost dead.
The hobgoblin hits you with a club.
* * * LOW HITPOINT WARNING * * *
The white imp closely misses you.
You barely miss the hobgoblin.
The hobgoblin is almost dead.
The hobgoblin barely misses you.
Natasha casts a spell.
The white imp gestures at you. The puff of frost hits you!
You die...

##...........##.##......
#.......†...............
#>#......# ##.##......
#.#......# #.###.....
#.###.#..# #.#....#..
#.##..#.## #......#..
#.##.##.# #...#..#..
#.##.##g# ####.†...#.).
#....##@####......##..#.
##..####5#............##.
##...# #h# #.......#### .
#...#####5. ..#.....# .
####.#.......## #.....# .
#.......####.# #.....## .
#.......####.## #......##
. #.......##....#
#.......###
#.......##....#
#.....#...#


You could see Natasha, a crimson imp, a white imp and a hobgoblin.

Vanquished Creatures
  A hound (D:2)
  Natasha (D:2)
  2 adders (D:2)
  2 worms (D:2)
  A leopard gecko (D:2)
  2 giant cockroaches
  4 goblins
  4 hobgoblins
  4 kobolds
  A ball python (D:1)
  3 bats
  A frilled lizard (D:2)
  5 rats
31 creatures vanquished.

Notes
Turn   | Place    | Note
-------+----------+-------------------------------------------
     0 | D:1      | Kairos the Deep Elf Conjurer began the quest for the Orb.
     0 | D:1      | Reached XP level 1. HP: 10/10 MP: 6/6
   288 | D:1      | Reached XP level 2. HP: 15/15 MP: 5/8
   814 | D:2      | Reached skill level 5 in Conjurations
   919 | D:2      | Reached XP level 3. HP: 19/19 MP: 4/9
  1174 | D:2      | Learned a level 2 spell: Searing Ray
  1314 | D:2      | Noticed Natasha
  1319 | D:2      | Killed Natasha
  1319 | D:2      | Reached XP level 4. HP: 24/24 MP: 4/11
  1350 | D:2      | Noticed Natasha
  1358 | D:2      | Killed from afar by a white imp

Vault maps used:
D:1:      saegor_arrival_simple_b
D:2:      grunt_temple_overflow_growth_and_decay, first_ration, uniq_sigmund,
          uniq_natasha, uniq_robin

Skill      XL: |  1  2  3  4 |
---------------+-------------+-----
Conjurations   | 5 |  5.8
Stealth        | 3 |  3.1
Spellcasting   | 4 |  4.0
Dodging        | |  2.7

Action                   |  1- 3 |  4- 6 || total
-------------------------+-------+-------++-------
Melee: Dagger            |     8 |    24 ||    32
 Cast: Magic Dart        |    63 |     7 ||    70
  Eat: Chunk             |     1 |       ||     1
Armor: Robe              |     1 |     1 ||     2
Dodge: Dodged            |     9 |    23 ||    32

Table legend:
 A = Spawn XP
 B = Non-spawn XP
 C = Spawn XP percentage of total XP
 D = Spawn monster count
 E = Non-spawn monster count
 F = Spawn count percentage of total count
 G = Total turns spent on level
                    A         B        C        D         E        F      G
               +---------+---------+-------+---------+---------+-------+---------
         Total |       0 |     157 |   0.0 |       0 |      31 |   0.0 |  1358
               +---------+---------+-------+---------+---------+-------+---------
           D:1 |       0 |      19 |   0.0 |       0 |      13 |   0.0 |   695
           D:2 |       0 |     138 |   0.0 |       0 |      18 |   0.0 |   663
               +---------+---------+-------+---------+---------+-------+---------
